 Dungeon Crawl Stone Soup version 0.30.0-19-g36f170ea60 (webtiles) character file.

Game seed: 12853686505447466685

728 monsoonserge the Trooper (level 7, -8/75 HPs)
             Began as an Ogre Cinder Acolyte on June 1, 2023.
             Was a High Priest of Ignis.
             Mangled by a wyvern (12 damage)
             ... on level 5 of the Dungeon.
             The game lasted 00:11:03 (4375 turns).

monsoonserge the Trooper (Ogre Cinder Acolyte)      Turns: 4375, Time: 00:11:05

Health: -8/75      AC:  5    Str: 21    XL:     7   Next: 72%
Magic:  6/10       EV:  9    Int: 15    God:    Ignis [*****.]
Gold:   290        SH:  0    Dex:  4    Spells: 7/10 levels left

rFire   + + .        n - +0 flail (heavy)
rCold   + . .        (no shield)
rNeg    + . .        l - +2 robe {rC+}
rPois   .            (helmet restricted)
rElec   .            (no cloak)
rCorr   .            (gloves unavailable)
SInv    .            (boots unavailable)
Will    .....        (no amulet)
Stlth   +            b - ring of positive energy
HPRegen 0.32/turn    v - ring of protection from fire
MPRegen 0.12/turn

%: no passive effects
@: no status effects
A: large, unfitting armour, tough skin 1
a: Renounce Religion, Fiery Armour, Foxfire Swarm, Rising Flame


You were on level 5 of the Dungeon.
You worshipped Ignis.
Ignis was extremely pleased with you.
You visited 2 branches of the dungeon, and saw 6 of its levels.
You also visited: Ossuary.

You collected 290 gold pieces.

Inventory:

Hand Weapons
 a - a -1 mace of flaming
 k - a +0 sling of flaming
 n - a +0 heavy flail (weapon)
Missiles
 p - 4 poisoned darts (quivered)
Armour
 l - a +2 robe of cold resistance (worn)
Jewellery
 b - a ring of positive energy (left hand)
 q - an amulet of guardian spirit
 v - a ring of protection from fire (right hand)
Scrolls
 c - a scroll of teleportation {unknown}
 d - 3 scrolls of fog {unknown}
 g - a scroll of acquirement {unknown}
 h - 2 scrolls of poison {unknown}
 i - 5 scrolls of identify {unknown}
 j - a scroll of amnesia {unknown}
 m - 2 scrolls of immolation {unknown}
 o - a scroll of magic mapping {unknown}
 s - a scroll of enchant weapon {unknown}
 t - 5 scrolls of enchant armour {unknown}
 u - a scroll of brand weapon {unknown}
 y - 2 scrolls of vulnerability {unknown}
Potions
 e - 3 potions of curing
 f - 3 potions of heal wounds {unknown}
 r - a potion of berserk rage {unknown}
 w - a potion of magic {unknown}
 x - a potion of ambrosia {unknown}
 z - 2 potions of attraction {unknown}
 A - a potion of lignification {unknown}
 B - a potion of cancellation {unknown}


   Skills:
 + Level 6.0 Fighting
 + Level 5.1 Maces & Flails
 + Level 2.8 Dodging
 - Level 2.0 Spellcasting
 * Level 0.1 Conjurations
 + Level 4.7 Fire Magic


You had 7 spell levels left.
You knew the following spells:

 Your Spells              Type           Power      Damage    Failure   Level
a - Scorch                Fire           30%        2d6       4%          2
b - Foxfire               Conj/Fire      32%        2x1d5     9%          1

Your spell library contained the following spells:

 Spells                   Type           Power      Damage    Failure   Level
 Fireball                 Conj/Fire      4%         3d4       92%         5
 Plasma Beam              Fire/Air       4%         2x1d15    100%        6
 Starburst                Conj/Fire      4%         6d3       100%        6


Dungeon Overview and Level Annotations

Branches:
Dungeon (5/15)             Temple (1/1) D:5         Ossuary (visited)

Altars:
Cheibriados
Dithmenos
Fedhas
Gozag
Kikubaaqudgha
Nemelex Xobeh
Okawaru
Qazlal
Ru
Sif Muna
Vehumet
Wu Jian
Yredelemnul
Zin

Shops:
D:4 (

Annotations:
D:3 exclusion: statue
D:5 Eustachio


Innate Abilities, Weirdness & Mutations

You are too large for most types of armour.
You have tough skin. (AC +1)


Message History

The wyvern closely misses you.
Unknown command.
You sock the wyvern!
The wyvern is heavily wounded.
The foxfire hits the iguana but does no damage.
The foxfire hits the wyvern.
The wyvern is severely wounded.
The wyvern bites you!
The wyvern bites you but does no damage.
The wyvern barely misses you.
Casting: Foxfire (safe; 9% risk of failure)
Confirm with . or Enter, or press ? or * to list all spells.
You conjure some foxfire!
The iguana bites you. The wyvern barely misses you.
You closely miss the wyvern.
The wyvern is severely wounded.
The foxfire hits the iguana.
The iguana is lightly wounded.
The foxfire hits the wyvern but does no damage.
The wyvern is severely wounded.
The wyvern bites you but does no damage.
The iguana bites you. The wyvern bites you.
The iguana hisses menacingly.
The iguana bites you. The wyvern bites you!
Casting: Foxfire (safe; 9% risk of failure)
Confirm with . or Enter, or press ? or * to list all spells.
You conjure some foxfire!
The wyvern misses you. The iguana bites you.
You barely miss the wyvern.
The wyvern is severely wounded.
The foxfire hits the iguana but does no damage.
The iguana is lightly wounded.
The foxfire hits the iguana but does no damage.
The iguana is lightly wounded.
The wyvern closely misses you. x2; The iguana bites you!
* * * LOW HITPOINT WARNING * * *
The iguana bites you.
* * * LOW HITPOINT WARNING * * *
The iguana barely misses you. The iguana bites you!
* * * LOW HITPOINT WARNING * * *
The wyvern bites you!
You die...

## #............ ######.
...####..####. .......
#......## #......##
###........ ........##
###..........
.........###............
.........##..##.........
......@.....###.........
......l@................
......ll.######.........
........## #.........
......... #.........
......... #.<.......
.........# #.........
.........# ##.......#
.........# ##.....##
######


You could see Eustachio, a wyvern and 2 iguanas.

Vanquished Creatures
  An ogre (D:4)
  Blork the orc (D:5)
  2 scorpions
  A howler monkey (D:4)
  3 jellies
  An iguana (D:5)
  2 orc wizards (D:4)
  4 mummies (Ossuary)
  5 hound zombies (Ossuary)
  7 adders
  2 adder zombies (Ossuary)
  A worm (D:2)
  3 dart slugs
  4 orcs
  7 ball pythons
  3 endoplasms
  A giant cockroach (D:4)
  A gnoll zombie (Ossuary)
  6 goblins
  3 hobgoblins
  2 jackals (D:2)
  4 quokkas
  2 bats
  3 frilled lizards
  2 jackal zombies (Ossuary)
  9 kobolds
  A kobold zombie (Ossuary)
  4 rats
  A rat zombie (Ossuary)
86 creatures vanquished.

Vanquished Creatures (others)
  6 foxfires (D:5)
6 creatures vanquished.

Grand Total: 92 creatures vanquished

Notes
Turn   | Place    | Note
-------+----------+-------------------------------------------
     0 | D:1      | monsoonserge the Ogre Cinder Acolyte began the quest for
                  | the Orb.
     0 | D:1      | Reached XP level 1. HP: 24/24 MP: 2/2
   294 | D:1      | Reached XP level 2. HP: 33/33 MP: 3/3
   675 | D:2      | Learned a level 2 spell: Scorch
   940 | D:2      | Noticed a scorpion
   992 | D:3      | Reached XP level 3. HP: 40/40 MP: 1/4
  1026 | D:3      | Found a blossoming altar of Fedhas.
  1269 | D:2      | Found a faded altar of an unknown god.
  1628 | D:2      | Killed a scorpion
  1629 | D:2      | Reached skill level 5 in Fighting
  1629 | D:2      | Reached skill level 1 in Dodging
  1629 | D:2      | Reached XP level 4. HP: 13/50 MP: 1/5
  1732 | D:3      | Reached XP level 5. HP: 41/57 MP: 3/6
  1869 | D:3      | Found an ornate altar of the Wu Jian Council.
  2036 | D:3      | Found a radiant altar of Vehumet.
  2036 | D:3      | Noticed a charred statue
  2602 | D:4      | Found a sand-covered staircase.
  2606 | D:4      | Found Tyry's Weapon Emporium.
  2617 | D:4      | Reached XP level 6. HP: 56/66 MP: 1/7
  2650 | Ossuary  | Entered an ossuary
  3234 | D:4      | Reached XP level 7. HP: 62/74 MP: 5/9
  4010 | D:5      | Entered Level 5 of the Dungeon
  4010 | D:5      | Noticed Eustachio
  4029 | D:5      | Noticed Blork the orc
  4031 | D:5      | Reached skill level 5 in Maces & Flails
  4037 | D:5      | Killed Blork the orc
  4038 | D:5      | Reached skill level 6 in Fighting
  4120 | D:5      | Found a staircase to the Ecumenical Temple.
  4137 | D:5      | Learned a level 1 spell: Foxfire
  4151 | Temple   | Entered the Ecumenical Temple
  4367 | D:5      | Noticed a wyvern
  4375 | D:5      | Mangled by a wyvern

Illustrated notes

Levels and vault maps discovered:
D:1:      elethiomel_arrival_maze, layout_basic
D:2:      layout_basic, hellmonk_ecumenical_altar_lost_god
D:3:      layout_basic, nzn_wu_jian_contemplation, vehumet_statue,
          mainiacjoe_overflow_cross_hatched, minmay_misc_feat_secret_circle,
          st_stairs_12, minmay_goblin_kobold_house
D:4:      layout_loops_ring, serial_shops, shop, nicolae_ossuary_entry_ruins
D:5:      layout_rooms, temple_pool_b, nicolae_shop_vocational,
          uniq_blork_the_orc, uniq_eustachio
Temple:   bh_familiar_temple

Skill      XL: |  1  2  3  4  5  6  7 |
---------------+----------------------+-----
Maces & Flails | 3 4 5 |  5.1
Fire Magic     | 3 4 |  4.7
Fighting       | 5 6 |  6.0
Dodging        | 1 2 |  2.8
Spellcasting   | 2 |  2.0
Conjurations   | |  0.1

Action                     |  1- 3 |  4- 6 |  7- 9 || total
---------------------------+-------+-------+-------++-------
  Melee: Mace              |    88 |       |       ||    88
         Punch             |     1 |       |       ||     1
         Flail             |       |    74 |    19 ||    93
   Cast: Scorch            |    14 |    16 |    17 ||    47
         Foxfire           |       |       |     3 ||     3
 Invoke: Fiery Armour      |     1 |     1 |       ||     2
    Use: Potion            |       |     1 |     1 ||     2
 Armour: Robe              |    32 |    83 |     8 ||   123
  Dodge: Dodged            |    44 |    82 |    16 ||   142
